 Dungeon Crawl Stone Soup version 0.30-a0-424-g7412bad402 (webtiles) character file.

Game seed: 2198542313595163115

58399 cforsyth the Warrior (level 14, -6/204 HPs)
             Began as a Minotaur Berserker on Dec 9, 2022.
             Was a High Priest of Trog.
             Mangled by a troll (8 damage)
             ... led by an orc knight
             ... on level 2 of the Orcish Mines on Dec 10, 2022.
             The game lasted 00:38:44 (24671 turns).

cforsyth the Warrior (Minotaur Berserker)          Turns: 24671, Time: 00:38:44

Health: -6/204     AC: 16    Str: 26    XL:     14   Next: 49%
Magic:  13/13      EV: 15    Int:  4    God:    Trog [*****.]
Gold:   1326       SH:  0    Dex: 11    Spells: 13/13 levels left

rFire   + . .      SeeInvis .    d - +6 eveningstar
rCold   . . .      Faith    .    (no shield)
rNeg    + . .      Spirit   .    L - +5 scale mail of Decompression {rF+}
rPois   .          Reflect  .    b - +1 hat {Will+}
rElec   .          Harm     .    (no cloak)
rCorr   .          Rampage  .    (no gloves)
Will    ++...                    (no boots)
Stlth   ..........               J - amulet of the acrobat
HPRegen 0.54/turn                f - +4 ring of slaying
MPRegen 0.13/turn                K - ring of positive energy

@: berserking, very quick
A: horns 2, retaliatory headbutt
a: Renounce Religion, Berserk, Trog's Hand, Brothers in Arms


You were on level 2 of the Orcish Mines.
You worshipped Trog.
Trog was extremely pleased with you.
You visited 3 branches of the dungeon, and saw 19 of its levels.

You collected 1326 gold pieces.

Inventory:

Hand Weapons
 d - a +6 eveningstar (weapon)
 C - a +6 spear
Armour
 b - a +1 hat of willpower (worn)
 H - a +0 plate armour
 L - the +5 scale mail of Decompression (worn) {rF+}
   (You found it on level 4 of the Lair of Beasts)

   rF:        It protects you from fire.
Jewellery
 f - a +4 ring of slaying (left hand)
 v - a ring of ice
 F - a ring of ice
 J - an amulet of the acrobat (around neck)
 K - a ring of positive energy (right hand)
Wands
 k - a wand of polymorph (10)
 m - a wand of roots (20)
 p - a wand of flame (65)
 r - a wand of charming (25)
 t - a wand of quicksilver (16)
 z - a wand of mindburst (15)
Scrolls
 a - 5 scrolls of identify
 c - a scroll of blinking
 e - 4 scrolls of immolation
 g - 5 scrolls of enchant armour
 h - 3 scrolls of enchant weapon
 j - 9 scrolls of teleportation
 s - 4 scrolls of poison
 B - 2 scrolls of vulnerability
 D - 2 scrolls of summoning
 O - a scroll of magic mapping
Potions
 i - a potion of berserk rage
 l - 2 potions of attraction
 n - 2 potions of haste {unknown}
 o - 3 potions of ambrosia
 q - 5 potions of mutation
 u - 2 potions of magic
 w - 3 potions of might
 x - 2 potions of lignification
 A - 5 potions of flight
 E - 6 potions of curing
 G - 2 potions of degeneration
 I - 5 potions of heal wounds {unknown}
Miscellaneous
 M - a condenser vane
 N - a phial of floods


   Skills:
 + Level 15.7 Fighting
 - Level 15.4 Polearms
 + Level 15.4 Armour
 + Level 14.2 Dodging
 + Level 3.4 Evocations


You had 13 spell levels left.
You didn't know any spells.
Your spell library was empty.

Dungeon Overview and Level Annotations

Branches:
Dungeon (12/15)            Temple (0/1) D:7            Lair (5/5) D:10
  Swamp (0/4) Lair:3       Spider (0/4) Lair:3        Slime (0/5) Lair:4
    Orc (2/2) D:10            Elf (0/3) Orc:2

Altars:
Ashenzari
Gozag
Okawaru
Sif Muna
Vehumet
Zin
The Shining One
Jiyva

Shops:
D:2 (=[   D:7 *   D:10 (

Annotations:
D:8 3 runed translucent doors, PyroL's ghost, novice DENe
Lair:3 2 transporters, exclusion: 2 oklob plants, Coawycapt's ghost, journeyman NaVM


Innate Abilities, Weirdness & Mutations

You have a pair of horns on your head.
You reflexively headbutt those who attack you in melee.


Message History

You bludgeon the orc knight!! You headbutt the orc knight!
The orc knight is heavily wounded.
The warg completely misses you. You furiously retaliate!
You headbutt the warg!
The orc knight hits you with a +0 broad axe!
* * * LOW HITPOINT WARNING * * *
An orc priest comes into view. It is wielding a +0 short sword.
The orc warrior misses you. x2; You furiously retaliate!
You headbutt the orc warrior!
You kill the orc warrior!
Trog accepts your kill. The troll misses you. The troll completely misses you.
The troll misses you. The warg misses you. The troll bites you.
* * * LOW HITPOINT WARNING * * *
The troll closely misses you. The troll barely misses you.
The orc warrior barely misses you.
The orc knight hits you with a +0 broad axe.
* * * LOW HITPOINT WARNING * * *
A red film seems to cover your vision as you go berserk!
You feel yourself moving faster!
You feel mighty! The warg bites you but does no damage.
The orc knight closely misses you. You furiously retaliate!
You headbutt the orc knight! The warg bites you but does no damage.
The orc warrior closely misses you. You furiously retaliate!
You headbutt the orc warrior. The orc completely misses you.
The troll bites you but does no damage. The troll claws you.
* * * LOW HITPOINT WARNING * * *
The troll claws you.
* * * LOW HITPOINT WARNING * * *
The orc priest invokes the aid of Beogh against you.
Beogh smites you!
* * * LOW HITPOINT WARNING * * *
Unknown command.
Unknown command.
You hit the orc knight.
You headbutt the orc knight, but do no damage.
The orc knight is almost dead.
The warg completely misses you. The orc knight barely misses you.
The orc warrior barely misses you. You furiously retaliate!
You headbutt the orc warrior! The orc closely misses you. The troll bites you!
You die...

.........).......
......#.................
........................
##......................
#.#...................##
.o....................#
#.....................#
#....o)).............#
#o@<.............#
......Tho...............
....#.................##
#.# #...#.............#
# #.....$...........#
#..................#
#...$...............
...................


You could see an orc knight, a troll, a warg, an orc warrior (strong), an orc
priest and an orc (strong).

Vanquished Creatures
  Gastronok (Lair:1)
  A fire dragon (Lair:5)
  Josephine (D:12)
  2 hydras (Lair:4)
  2 catoblepae
  A boulder beetle (D:12)
  3 two-headed ogres
  Urug (D:12)
  Amaemon (Lair:2)
  A fire crab (Lair:5)
  4 lindwurms (Lair:4)
  An orc sorcerer (Orc:2)
  An ugly thing (D:11)
  A cyclops (D:12)
  9 black mambas
  18 elephants
  An orange demon (Lair:2)
  2 molten gargoyles (Lair:5)
  A torpor snail (Lair:5)
  Maggie (Lair:2)
  12 cane toads
  3 rime drakes
  12 komodo dragons
  5 polar bears
  A troll (D:11)
  A hornet (D:5)
  5 slime creatures (D:12)
  15 blink frogs
  10 dream sheep
  A jumping spider (Lair:2)
  6 wyverns
  5 wraiths
  66 yaks
  2 vampires
  5 basilisks
  2 steam dragons
  A redback (Lair:2)
  A warg (Orc:2)
  22 water moccasins
  An acid dragon (D:12)
  3 hell hounds (Lair:5)
  11 black bears
  2 sky beasts
  An ice beast (D:5)
  7 orc warriors
  6 wolves
  8 ogres
  7 centaurs
  3 kobold brigands
  15 bullfrogs
  4 necrophages
  A scorpion (D:6)
  7 wights
  5 killer bees
  4 electric eels (Lair:2)
  12 howler monkeys
  4 lava snakes (Lair:5)
  A gnoll bouda (Lair:1)
  4 jellies
  An orc priest (D:10)
  Jessica (D:3)
  Natasha (thrice) (D:3)
  11 orc wizards
  8 adders
  2 shadow imps
  2 white imps
  4 worms
  A dart slug (D:3)
  39 orcs
  10 bats
  8 endoplasms
  2 giant cockroaches
  7 goblins
  2 hobgoblins (D:1)
  2 quokkas
  6 ball pythons
  3 frilled lizards
  21 kobolds
  5 rats
472 creatures vanquished.

Vanquished Creatures (others)
  2 bushes
  67 fungi
  82 plants
151 creatures vanquished.

Grand Total: 623 creatures vanquished

Notes
Turn   | Place    | Note
-------+----------+-------------------------------------------
     0 | D:1      | cforsyth the Minotaur Berserker began the quest for the
                  | Orb.
     0 | D:1      | Reached XP level 1. HP: 19/19 MP: 0/0
   340 | D:1      | Reached XP level 2. HP: 25/27 MP: 1/1
   629 | D:1      | Reached ** piety under Trog
   940 | D:2      | Reached XP level 3. HP: 31/33 MP: 2/2
  1206 | D:2      | Found Pibar's Armour Shop.
  1297 | D:2      | Found Ybbut's Jewellery Boutique.
  1321 | D:2      | Found Osees's Weapon Shop.
  1687 | D:3      | Found a shimmering blue altar of Sif Muna.
  1837 | D:3      | Reached XP level 4. HP: 41/41 MP: 3/3
  2095 | D:3      | Noticed Natasha
  2111 | D:3      | Killed Natasha
  2148 | D:3      | Noticed Natasha
  2180 | D:3      | Killed Natasha
  2215 | D:3      | Noticed Natasha
  2224 | D:3      | Killed Natasha
  2225 | D:3      | Reached XP level 5. HP: 29/47 MP: 4/4
  2348 | D:3      | Noticed Jessica
  2356 | D:3      | Killed Jessica
  2987 | D:4      | Reached skill level 5 in Fighting
  2987 | D:4      | Reached skill level 5 in Polearms
  3034 | D:4      | Reached XP level 6. HP: 56/56 MP: 5/5
  3271 | D:4      | Found a glowing golden altar of the Shining One.
  3271 | D:4      | Found an opulent altar of Gozag.
  4223 | D:5      | Entered Level 5 of the Dungeon
  4228 | D:5      | Reached skill level 5 in Armour
  4228 | D:5      | Reached XP level 7. HP: 40/62 MP: 6/6
  4526 | D:5      | Reached skill level 5 in Dodging
  4702 | D:5      | Reached *** piety under Trog
  4752 | D:5      | Noticed a hornet
  4754 | D:5      | Paralysed by a hornet for 2 turns
  4760 | D:5      | Killed a hornet
  4761 | D:5      | Reached XP level 8. HP: 25/71 MP: 7/7
  4767 | D:5      | HP: 2/71 [poisoned by a hornet]
  5239 | D:6      | Found a broken altar of Ashenzari.
  5635 | D:6      | You fall into a shaft and drop 2 floors!
  5870 | D:7      | Found Eviwna's Assorted Antiques.
  6203 | D:7      | Reached XP level 9. HP: 80/81 MP: 8/8
  6330 | D:6      | Found a radiant altar of Vehumet.
  6539 | D:7      | Identified the +2 robe of the Carved God {rElec rN+ Will+
                  | Str+3}
  7010 | D:7      | Found a staircase to the Ecumenical Temple.
  7516 | D:8      | Reached **** piety under Trog
  7608 | D:8      | Found a runed translucent gate.
  7608 | D:8      | Found a runed translucent gate.
  7608 | D:8      | Found a runed translucent gate.
  7610 | D:8      | Noticed PyroL's ghost (novice DENe)
  7613 | D:8      | Noticed a kobold demonologist
  7996 | D:9      | HP: 4/83 [yak (12)]
  8001 | D:9      | Reached XP level 10. HP: 5/91 MP: 9/9
  8749 | D:9      | Reached skill level 10 in Fighting
  8763 | D:9      | Reached skill level 10 in Polearms
  9239 | D:10     | Entered Level 10 of the Dungeon
  9239 | D:10     | Found a glowing silver altar of Zin.
  9328 | D:10     | Found an iron altar of Okawaru.
  9377 | D:10     | Found Nemm's Weapon Shoppe.
  9483 | D:10     | Reached skill level 10 in Armour
  9483 | D:10     | Found a staircase to the Lair.
  9483 | D:10     | Noticed a two-headed ogre
  9570 | D:11     | Killed a two-headed ogre
  9735 | D:10     | Noticed a two-headed ogre
  9854 | D:10     | Killed a two-headed ogre
  9855 | D:10     | Reached XP level 11. HP: 82/101 MP: 10/10
 10165 | D:10     | Found a staircase to the Orcish Mines.
 10698 | D:11     | Reached skill level 10 in Dodging
 10900 | D:11     | Noticed a cyan ugly thing
 10913 | D:11     | Killed a cyan ugly thing
 11080 | D:11     | Noticed a two-headed ogre
 11090 | D:11     | Killed a two-headed ogre
 11249 | D:11     | Reached ***** piety under Trog
 11707 | D:11     | Found a glowing golden altar of the Shining One.
 11813 | D:12     | Noticed a boulder beetle
 11866 | Lair:1   | Entered Level 1 of the Lair of Beasts
 13138 | Lair:1   | Noticed Gastronok
 13161 | Lair:1   | Killed Gastronok
 13162 | Lair:1   | Reached XP level 12. HP: 86/113 MP: 11/11
 13687 | Lair:3   | Found a staircase to the Swamp.
 14193 | Lair:2   | Noticed Maggie
 14206 | Lair:2   | Killed Maggie
 14412 | Lair:2   | Noticed Amaemon
 14432 | Lair:2   | Killed Amaemon
 15914 | Lair:2   | Received a gift from Trog
 16163 | Lair:3   | Noticed Coawycapt's ghost (journeyman NaVM)
 16163 | Lair:3   | Found a transporter.
 16163 | Lair:3   | Noticed an eight-headed hydra
 16543 | Lair:3   | Found a transporter.
 16612 | Lair:3   | Noticed a catoblepas
 16615 | Lair:3   | HP: 4/116 [oklob plant/splash of acid (20)]
 16916 | Lair:3   | Killed a catoblepas
 16917 | Lair:3   | Reached XP level 13. HP: 78/123 MP: 12/12
 17039 | Lair:3   | Found a hole to the Spider Nest.
 18420 | Lair:4   | Found a staircase to the Slime Pits.
 18420 | Lair:4   | Found a viscous altar of Jiyva.
 20080 | Lair:4   | Reached skill level 15 in Fighting
 20585 | Lair:4   | Identified the +5 scale mail of Decompression {rF+}
 20615 | Lair:5   | Entered Level 5 of the Lair of Beasts
 20678 | Lair:5   | Reached skill level 15 in Polearms
 21031 | Lair:5   | Found the +4 moon troll leather armour {Spirit, Regen++
                  | MP+5}
 21112 | Lair:5   | Reached XP level 14. HP: 135/135 MP: 13/13
 21119 | Lair:5   | Reached skill level 1 in Evocations
 21851 | Lair:5   | Reached skill level 15 in Armour
 22393 | Lair:5   | Found a large runed translucent door.
 22394 | Lair:5   | Found a large runed translucent door.
 23341 | D:12     | Received a gift from Trog
 23533 | D:12     | Noticed Urug
 23546 | D:12     | Killed Urug
 24221 | D:12     | Noticed Josephine
 24227 | D:12     | Killed Josephine
 24376 | Orc:1    | Entered Level 1 of the Orcish Mines
 24583 | Orc:2    | Entered Level 2 of the Orcish Mines
 24583 | Orc:2    | Found a staircase to the Elven Halls.
 24670 | Orc:2    | HP: 2/204 [orc priest/divine providence (11)]
 24671 | Orc:2    | Mangled by a troll

Illustrated notes

Levels and vault maps discovered:
D:1:      psy_arrival_conway, layout_loops_corners, dreamdust_mushroom_princess,
          bh_walls_and_bars
D:2:      layout_basic, serial_shops, nicolae_shop_window_shopping, shop,
          nicolae_shop_bloodbath_and_beyond, mrwooster_statue_mirror
D:3:      layout_basic, lemuel_round_altar, chequers_serial_rivers_small_3,
          uniq_jessica, uniq_natasha
D:4:      layout_basic, mainiacjoe_overflow_divided_tiny,
          amcnicky_mini_pool_small, columned_hall_lemuel,
          roderic_serpentine_path
D:5:      layout_basic, chequers_serial_rivers_small_b,
          kennysheep_generic_room_9
D:6:      layout_cave_pools, mainiacjoe_overflow_paths, ashenzari_altar_1
D:7:      layout_rooms, minmay_temple_entry_butterflies, serial_shops,
          nicolae_shop_hallway_stairs
D:8:      layout_cave_pools, gammafunk_ghost_nasty_kobolds, nrook_uturn,
          serial_park_tiny_1
D:9:      layout_loops_ring, chequers_serial_rivers_micro_e, kennysheep_nub,
          dreamdust_wishing_well
D:10:     layout_loops_cross, mainiacjoe_overflow_large_starburst,
          due_lair_maze_entry_diamond, serial_shops, nicolae_shop_behind_doors
D:11:     layout_long_grid, tso_oasis_becter
D:12:     layout_gridville, uniq_josephine, uniq_urug
Lair:1:   layout_regular_city, dreamdust_gnoll_shepherd, uniq_gastronok
Lair:2:   layout_cave_pods, serial_bayou_lake_a, serial_bayou_shore_a,
          uniq_maggie, uniq_amaemon
Lair:3:   beast_lair_carwin_large_3, layout_regular_city, swamp_mist_pool,
          spider_nest_entry_a, gammafunk_ghost_arena, lemuel_fruit_tree
Lair:4:   layout_loops_ring, nicolae_slime_entry_slimehenge,
          minmay_lindwurm_lava
Lair:5:   cheibrodos_lair_end_hotspot, layout_cave_shapes, serial_bayou_shore_b
Orc:1:    layout_caves, guppyfry_orc_lava_fort, uniq_harold
Orc:2:    st_orc_town, layout_caves, basic_altar

Skill      XL: |  1  2  3  4  5  6  7  8  9 10 11 12 13 14 |
---------------+-------------------------------------------+-----
Fighting       | 4 5 6 7 9 10 12 13 15 | 15.7
Polearms       | 4 5 6 7 9 10 12 13 15 | 15.4
Armour         | 3 4 5 6 7 9 10 12 13 14 15 | 15.4
Dodging        | 3 4 5 6 8 9 11 12 13 14 | 14.2
Evocations     | 3 |  3.4

Action                   |  1- 3 |  4- 6 |  7- 9 | 10-12 | 13-15 || total
-------------------------+-------+-------+-------+-------+-------++-------
Melee: Spear             |   119 |   111 |   308 |   755 |   631 ||  1924
       Headbutt          |    10 |    14 |    52 |   168 |   161 ||   405
       Punch             |       |     2 |       |     6 |     8 ||    16
       Eveningstar       |       |       |       |       |    53 ||    53
Invok: Trog's Hand       |     1 |       |       |       |       ||     1
       Berserk           |       |       |     4 |     3 |     4 ||    11
  Use: Potion            |     3 |       |     4 |       |     1 ||     8
       Scroll            |       |       |    16 |     4 |     2 ||    22
 Stab: Sleeping          |     1 |       |       |       |       ||     1
Armor: Animal skin       |     1 |       |       |       |       ||     1
       Chain mail        |    35 |    23 |   100 |   112 |       ||   270
       Plate armour      |       |       |       |   109 |   146 ||   255
       Scale mail        |       |       |       |       |    47 ||    47
Dodge: Dodged            |    37 |    32 |   125 |   221 |   308 ||   723

Table legend: (Time is in decaauts)
 A = Elapsed time spent in this place.
 B = Non-inter-level travel time spent in this place.
 C = Inter-level travel time spent in this place.
 D = Time resting spent in this place.
 E = Time spent auto-exploring this place.
 F = Levels seen in this place.
 G = Mean time per level.
                   A        B        C        D        E       F      G
               +--------+--------+--------+--------+--------+-----+--------+
         Total |  24099 |  23335 |    764 |   4410 |  15845 |  19 | 1268.4 |
       Dungeon |  13383 |  12883 |    500 |   1332 |  10047 |  12 | 1115.2 |
          Lair |  10406 |  10157 |    249 |   3078 |   5587 |   5 | 2081.2 |
  Orcish Mines |    309 |    295 |     14 |      0 |    211 |   2 |  154.5 |
               +--------+--------+--------+--------+--------+-----+--------+

Top non-repeatable levels by time:
  Lair:2: 3334 daAuts
  Lair:3: 2032 daAuts
  Lair:5: 1948 daAuts
  Lair:4: 1795 daAuts
    D:11: 1472 daAuts
    D:10: 1431 daAuts
    D:12: 1349 daAuts
     D:8: 1319 daAuts
     D:3: 1301 daAuts
  Lair:1: 1296 daAuts
     D:4: 1294 daAuts
     D:9: 1017 daAuts
     D:5: 962 daAuts
     D:1: 882 daAuts
     D:7: 865 daAuts
